 Dungeon Sprint DCSS version 0.24-a0-459-g225fefd530 (webtiles) character file.

Game seed: 10332681671743044580

289 epen the Unseen (level 6, 0/43 HPs)
             Began as an Octopode Assassin on June 29, 2019.
             Slain by Sonja
             ... wielding a +0 short sword of venom
              (2 damage)
             ... in the Dungeon (Sprint I: "Red Sonja").
             The game lasted 00:00:34 (267 turns).

epen the Unseen (Octopode Assassin)                  Turns: 267, Time: 00:00:35

Health: 0/43       AC:  1    Str: 11    XL:     6   Next: 31%
Magic:  6/6        EV: 13    Int: 13    God:
Gold:   297        SH:  0    Dex: 15    Spells: 5/5 levels left

rFire    . . .     SeeInvis .   a - +2 dagger
rCold    . . .     Gourm    .   (no shield)
rNeg     . . .     Faith    .   (helmet restricted)
rPois    .         Spirit   .   (no amulet)
rElec    .         Reflect  .   (no ring)
rCorr    .         Harm     .   (no ring)
MR       .....     NoTele   +   (no ring)
Stlth    +++++++...             (no ring)
HPRegen  0.14/turn              (no ring)
MPRegen  0.10/turn              (no ring)
                                (no ring)
                                (no ring)

@: lethally poisoned (0 -> -48), slowed, very slow
A: almost no armour, stealthy swim, amphibious, 8 rings, constrict 8, camouflage
1, gelatinous body 1
a: no special abilities


You were in the Dungeon.
You were not hungry.

You visited 1 branch You collected 297 gold pieces.

Inventory:

Hand Weapons
 a - a +2 dagger (weapon)
Missiles
 b - 8 poisoned darts (quivered)
 c - 2 curare-tipped darts
Scrolls
 j - a scroll of blinking
Potions
 e - a potion of curing
 f - 2 potions of heal wounds
 g - a potion of haste
 h - 2 potions of magic
 i - a potion of berserk rage
Comestibles
 d - 2 rations


   Skills:
 + Level 4.2 Fighting
 + Level 4.2 Short Blades
 + Level 4.0 Throwing
 + Level 1.7 Dodging
 + Level 15.2 Stealth


You had 5 spell levels left.
You didn't know any spells.
Your spell library was empty.

Dungeon Overview and Level Annotations

Branches:
Dungeon (1/1)

Altars:
Sif Muna
Vehumet
Wu Jian

Annotations:
D Sonja


Innate Abilities, Weirdness & Mutations

You cannot wear most types of armour.
You are very stealthy in the water. (Stealth+)
You are amphibious.
You can wear up to eight rings at the same time.
You can use your tentacles to constrict eight enemies at once.
Your skin changes colour to match your surroundings (Stealth+).
Your rubbery body absorbs attacks. (AC +1, EV +1)


Message History

You have difficulty breathing.
You feel as though you will be slow longer.
You see here a curare-tipped dart.
You feel sick. Sonja misses you.
Sonja hits you with a +0 short sword of venom.
You are more poisoned.
Sonja misses you. Sonja closely misses you.
Sonja hits you with a +0 short sword of venom.
You are more poisoned.
Sonja hits you with a +0 short sword of venom.
You are more poisoned.
You miss Sonja. Your grab misses Sonja.
You feel very sick.
Sonja hits you with a +0 short sword of venom.
* * * LOW HITPOINT WARNING * * *
Sonja hits you with a +0 short sword of venom.
* * * LOW HITPOINT WARNING * * *
You are more poisoned.
Sonja hits you with a +0 short sword of venom.
You die...

################
#<.#.['..#.)'..#
#..'..#.)'..#..+
#..#####'#####'#
#..# #..#...#[#
#..# ####..##.#
#..# ##'#_.+
#⌠⌠# +.(._# ####
#_@#'# ##K#.#
#.### $.$ $.$
##.## #+#


You could see Sonja.

Vanquished Creatures
  Sigmund (D)
  An ogre (D)
  A jelly (D)
  Ijyb (D)
4 creatures vanquished.

Notes
Turn   | Place    | Note
-------+----------+-------------------------------------------
     0 | D        | epen the Octopode Assassin began the quest for the Orb.
     0 | D        | Reached XP level 1. HP: 14/14 MP: 1/1
     1 | D        | Noticed Ijyb
     4 | D        | Killed Ijyb
     4 | D        | Reached skill level 8 in Stealth
     4 | D        | Reached XP level 2. HP: 20/20 MP: 2/2
     4 | D        | Reached XP level 3. HP: 25/25 MP: 3/3
     9 | D        | Noticed an ogre
    12 | D        | Killed an ogre
    12 | D        | Reached skill level 11 in Stealth
    12 | D        | Reached XP level 4. HP: 31/31 MP: 4/4
    21 | D        | Noticed Sigmund
    30 | D        | Killed Sigmund
    30 | D        | Reached skill level 14 in Stealth
    30 | D        | Reached XP level 5. HP: 15/37 MP: 5/5
    30 | D        | Reached XP level 6. HP: 17/43 MP: 6/6
   224 | D        | Found an ornate altar of the Wu Jian Council.
   224 | D        | Found a deep blue altar of Sif Muna.
   226 | D        | Found a radiant altar of Vehumet.
   231 | D        | Reached skill level 15 in Stealth
   263 | D        | Noticed Sonja
   267 | D        | HP: 2/43 [Sonja/+0 short sword of venom (6)]
   267 | D        | Slain by Sonja

Levels and vault maps discovered:
D:        dungeon_sprint_1 [red_sonja_temple_1, red_sonja_temple_small_1]

Skill      XL: |  1  2  3  4  5  6 |
---------------+-------------------+-----
Stealth        | 8 11 14 15 | 15.2
Fighting       | 3 4 |  4.2
Short Blades   | 3 4 |  4.2
Throwing       | 3 4 |  4.0
Dodging        | |  1.7

Action                   |  1- 3 |  4- 6 || total
-------------------------+-------+-------++-------
Melee: Dagger            |     2 |     9 ||    11
       Constrict         |       |     1 ||     1
       Tentacles         |       |     1 ||     1
  Use: Scroll            |       |     1 ||     1
 Stab: Sleeping          |     2 |     1 ||     3
Dodge: Dodged            |       |     6 ||     6

Table legend:
 A = Non-vault XP
 B = Vault XP
 C = Vault XP percentage of total XP
 D = Non-vault monster count
 E = Vault monster count
 F = Vault count percentage of total count
                 A         B        C        D         E       F
            +---------+---------+-------+---------+---------+-------
      Total |       0 |     414 | 100.0 |       0 |       4 | 100.0
            +---------+---------+-------+---------+---------+-------
          D |       0 |     414 | 100.0 |       0 |       4 | 100.0
            +---------+---------+-------+---------+---------+-------
